 Dungeon Crawl Stone Soup version 0.27-a0-1217-g8a41f320e8 (webtiles) character file.

Game seed: 4175681292043998426

3078 leviel the Cleaver (level 9, 0/70 HPs)
             Began as a Hill Orc Fighter on June 5, 2021.
             Was an Initiate of Okawaru.
             Incinerated by a deep elf pyromancer (5 damage)
             ... with a sticky flame
             ... on level 7 of the Dungeon.
             The game lasted 00:07:55 (7288 turns).

leviel the Cleaver (Hill Orc Fighter)               Turns: 7288, Time: 00:07:56

Health: 0/70       AC: 10    Str: 22    XL:     9   Next: 89%
Magic:  9/9        EV:  8    Int:  8    God:    Okawaru [......]
Gold:   315        SH: 10    Dex: 10    Spells: 8/8 levels left

rFire    . . .     SeeInvis +   a - +0 war axe (venom)
rCold    . . .     Faith    .   c - +0 kite shield
rNeg     . . .     Spirit   .   b - +0 scale mail
rPois    +         Reflect  .   l - +1 helmet
rElec    .         Harm     .   e - +0 cloak
rCorr    .         Rampage  .   (no gloves)
Will     .....                  (no boots)
Stlth    ..........             w - amulet of regeneration
HPRegen  1.21/turn              i - ring of see invisible
MPRegen  0.11/turn              t - ring of poison resistance

@: on fire, glowing
A: no striking features
a: Renounce Religion


You were on level 7 of the Dungeon.
You worshipped Okawaru.
Okawaru was noncommittal.
You visited 2 branches of the dungeon, and saw 8 of its levels.
You also visited: Sewer.

You collected 315 gold pieces.

Inventory:

Hand Weapons
 a - a +0 war axe of venom (weapon)
Missiles
 g - 9 poisoned darts (quivered)
Armour
 b - a +0 scale mail (worn)
 c - a +0 kite shield (worn)
 e - a +0 cloak (worn)
 l - a +1 helmet (worn)
Jewellery
 i - a ring of see invisible (left hand)
 t - a ring of poison resistance (right hand)
 u - a ring of willpower
 w - an amulet of regeneration (around neck)
Wands
 r - a wand of iceblast (7)
 s - a wand of flame (21)
Scrolls
 k - 2 scrolls of magic mapping
 m - 3 scrolls of immolation
 o - a scroll of vulnerability
 A - 2 scrolls of summoning
 C - a scroll of teleportation
Potions
 d - 4 potions of might
 f - a potion of cancellation {unknown}
 h - 3 potions of attraction {unknown}
 j - a potion of curing
 n - a potion of brilliance {unknown}
 p - 2 potions of haste {unknown}
 q - a potion of resistance {unknown}
 v - a potion of lignification {unknown}
 x - a potion of flight {unknown}
 z - a potion of degeneration {unknown}


   Skills:
 - Level 3.6 Fighting
 * Level 14.2 Axes
 + Level 4.5 Throwing
 - Level 3.2 Armour
 + Level 6.5 Shields


You had 8 spell levels left.
You didn't know any spells.
Your spell library was empty.

Dungeon Overview and Level Annotations

Branches:
Dungeon (7/15)             Temple (1/1) D:6           Sewer (visited)

Altars:
Ashenzari
Cheibriados
Elyvilon
Fedhas
Gozag
Hepliaklqana
Kikubaaqudgha
Makhleb
Nemelex Xobeh
Okawaru
Ru
Trog
Uskayaw
Vehumet
Wu Jian
Xom
Yredelemnul
Zin

Annotations:
D:7 Pikel


Message History

Found a long sword.
A deep elf pyromancer comes into view. It is wielding a +0 war axe.
The deep elf pyromancer shouts!
A deep elf pyromancer is nearby!
The deep elf pyromancer points at you and mumbles some strange words.
The bolt of fire hits you!
You closely miss the deep elf pyromancer.
The deep elf pyromancer hits you but does no damage.
You slash the deep elf pyromancer!
The deep elf pyromancer looks as sick as possible!
The deep elf pyromancer is moderately wounded.
The deep elf pyromancer gestures wildly while chanting.
You hear a shout!
You barely miss the deep elf pyromancer.
The deep elf pyromancer is moderately wounded.
You barely miss the fire elemental.
You hear a shout!
You block the deep elf pyromancer's attack.
The fire elemental hits you. The fire elemental burns you!
You closely miss the deep elf pyromancer.
The deep elf pyromancer is moderately wounded.
You closely miss the fire elemental.
You block the deep elf pyromancer's attack.
The fire elemental completely misses you.
You slash the deep elf pyromancer!
The deep elf pyromancer is severely wounded.
You hit the fire elemental but do no damage.
You block the fire elemental's attack.
The deep elf pyromancer gestures at you while chanting.
The bolt of fire hits you!!!
Ouch! That really hurt!
* * * LOW HITPOINT WARNING * * *
The fire elemental hits you. The fire elemental burns you!
* * * LOW HITPOINT WARNING * * *
The deep elf pyromancer casts a spell at you.
The sticky flame hits you but does no damage.
You are covered in liquid flames!
You block the fire elemental's attack.
You are covered in liquid flames!
You die...

##### #<..# ###.#
#. # #.# #.# .#
#.# #.# #.## #.#
#.# #...# #†# #.#
##.... #.#
#.###.e♣ #.#
#..@...♣
#.#######....E.♣
#...........♣♣♣.♣
#########....♣
♣.♣ #(....♣ ♣♣
#.......)
#.....♣♣♣ #....♣♣
###.♣♣


You could see a deep elf pyromancer (extremely poisoned) and a fire elemental
(summoned).

Vanquished Creatures
  A manticore (D:6)
  2 trolls
  A steam dragon (D:6)
  2 water moccasins
  2 sky beasts
  An orc warrior (D:6)
  3 necrophages
  2 ogres
  2 phantoms (D:4)
  4 lemures (D:7)
  A bullfrog (D:6)
  A gnoll sergeant (D:6)
  A scorpion (D:5)
  A wyvern skeleton (D:6)
  A centaur zombie (D:5)
  2 bullfrog zombies
  A hound (D:6)
  4 orc priests
  2 bullfrog skeletons (D:6)
  A gnoll shaman (D:6)
  A jelly (D:6)
  Jessica (D:2)
  2 iguanas (D:5)
  2 orc wizards
  A hound skeleton (D:4)
  12 gnolls (D:6)
  9 adders
  A howler monkey skeleton (D:6)
  3 river rats (Sewer)
  A shadow imp (D:5)
  A white imp (D:7)
  An ufetubus (D:4)
  3 adder skeletons
  A worm (D:4)
  3 dart slugs
  9 orcs
  5 endoplasms
  6 giant cockroaches
  7 goblins
  3 hobgoblins
  3 jackals (D:3)
  7 quokkas
  4 ball pythons
  4 bats
  11 frilled lizards
  6 kobolds
  3 rats
145 creatures vanquished.

Notes
Turn   | Place    | Note
-------+----------+-------------------------------------------
     0 | D:1      | leviel the Hill Orc Fighter began the quest for the Orb.
     0 | D:1      | Reached XP level 1. HP: 19/19 MP: 1/1
   202 | D:1      | Reached skill level 3 in Axes
   204 | D:1      | Upgraded the game from 0.27-a0-1202-ge72e49191c to
                  | 0.27-a0-1217-g8a41f320e8
   655 | D:1      | Reached XP level 2. HP: 9/26 MP: 2/2
  1309 | D:2      | Reached skill level 4 in Axes
  1320 | D:2      | Noticed Jessica
  1349 | D:2      | Killed Jessica
  1350 | D:2      | Reached skill level 5 in Axes
  1350 | D:2      | Reached XP level 3. HP: 31/31 MP: 3/3
  1648 | D:2      | Reached XP level 4. HP: 39/39 MP: 4/4
  2129 | D:3      | Reached skill level 6 in Axes
  2308 | D:3      | Reached XP level 5. HP: 45/45 MP: 5/5
  2329 | D:3      | Found a faded altar of an unknown god.
  2643 | D:4      | Reached skill level 7 in Axes
  2671 | D:4      | Noticed a phantom
  2684 | D:4      | Killed a phantom
  2685 | D:4      | Reached skill level 8 in Axes
  2685 | D:4      | Reached XP level 6. HP: 35/51 MP: 6/6
  2814 | D:4      | Found a bloodstained altar of Trog.
  2920 | D:4      | Noticed a necrophage
  2934 | D:4      | Killed a necrophage
  2935 | D:4      | Reached skill level 9 in Axes
  3106 | D:4      | Reached XP level 7. HP: 57/57 MP: 7/7
  3249 | D:4      | Found a glowing drain.
  3257 | D:4      | Reached skill level 10 in Axes
  3261 | Sewer    | Entered a sewer
  4388 | D:5      | Entered Level 5 of the Dungeon
  4489 | D:5      | Reached skill level 11 in Axes
  4718 | D:5      | Reached skill level 1 in Throwing
  4718 | D:5      | Reached XP level 8. HP: 58/64 MP: 8/8
  5273 | D:5      | Found a glowing silver altar of Zin.
  5843 | D:6      | Reached skill level 12 in Axes
  6055 | D:6      | Reached skill level 5 in Shields
  6143 | D:6      | Reached XP level 9. HP: 64/70 MP: 9/9
  6197 | D:6      | Noticed a troll
  6206 | D:6      | Killed a troll
  6207 | D:6      | Reached skill level 13 in Axes
  6343 | D:6      | Found a staircase to the Ecumenical Temple.
  6636 | D:6      | Found an ornate altar of the Wu Jian Council.
  6811 | Temple   | Entered the Ecumenical Temple
  6955 | Temple   | Became a worshipper of Warmaster Okawaru
  7021 | D:7      | Noticed a manticore
  7023 | D:7      | Noticed Pikel
  7066 | D:6      | Killed a manticore
  7067 | D:6      | Reached skill level 14 in Axes
  7224 | D:7      | Noticed a troll
  7234 | D:7      | Killed a troll
  7278 | D:7      | Noticed a deep elf pyromancer
  7288 | D:7      | Incinerated by a deep elf pyromancer

Illustrated notes

Levels and vault maps discovered:
D:1:      minmay_arrival_radiant_lines, layout_loops_ring
D:2:      layout_loops_ring, uniq_jessica
D:3:      layout_basic, hellmonk_ecumenical_altar_blasted
D:4:      layout_basic, nicolae_overflow_crystal_walls, gup_sewer_entry_bubbles,
          minmay_liquid_box
D:5:      layout_layer_cave, nicolae_overflow_hidden_temple
D:6:      layout_loops_corners, nzn_wu_jian_council_hall, temple_hall
D:7:      layout_basic, lemuel_doored_altar, kennysheep_mini, kb_rosetta,
          uniq_pikel, uniq_maggie, uniq_menkaure
Temple:   regret_index_temple_waves

Skill      XL: |  1  2  3  4  5  6  7  8  9 |
---------------+----------------------------+-----
Axes           | 3 5 6 8 9 11 12 14 | 14.2
Throwing       | 1 2 4 |  4.5
Shields        | 5 6 |  6.5
Fighting       | |  3.6
Armour         | |  3.2

Action                   |  1- 3 |  4- 6 |  7- 9 || total
-------------------------+-------+-------+-------++-------
Melee: War axe           |    80 |   118 |   346 ||   544
  Use: Scroll            |       |     2 |     7 ||     9
       Potion            |       |       |     4 ||     4
Armor: Scale mail        |    56 |    51 |   117 ||   224
Dodge: Dodged            |    29 |    31 |    87 ||   147
Block: Kite shield       |    44 |    55 |   161 ||   260

Table legend: (Time is in decaauts)
 A = Elapsed time spent in this place.
 B = Non-inter-level travel time spent in this place.
 C = Inter-level travel time spent in this place.
 D = Time resting spent in this place.
 E = Time spent auto-exploring this place.
 F = Levels seen in this place.
 G = Mean time per level.
                   A        B        C        D        E       F      G
               +--------+--------+--------+--------+--------+-----+--------+
         Total |   7496 |   7217 |    279 |    809 |   5190 |   9 |  832.9 |
       Dungeon |   6879 |   6620 |    259 |    809 |   4761 |   7 |  982.7 |
        Temple |    157 |    137 |     20 |      0 |    136 |   1 |  157.0 |
         Sewer |    458 |    458 |      0 |      0 |    292 |   1 |  458.0 |
               +--------+--------+--------+--------+--------+-----+--------+

Top non-repeatable levels by time:
     D:5: 1411 daAuts
     D:4: 1409 daAuts
     D:1: 1296 daAuts
     D:6: 1224 daAuts
     D:2: 787 daAuts
     D:3: 624 daAuts
   Sewer: 458 daAuts
  Temple: 157 daAuts
     D:7: 126 daAuts
